 Dungeon Crawl Stone Soup version 0.22-a0-779-g6f83d72c62 (webtiles) character file.

15173 Mirvelgyr the Severer (level 11, -8/90 HPs)
             Began as a Minotaur Berserker on July 19, 2018.
             Was a High Priest of Trog.
             Killed from afar by an acid dragon (11 damage)
             ... with a splash of acid
             ... on level 12 of the Dungeon.
             The game lasted 00:16:27 (10425 turns).

Mirvelgyr the Severer (Minotaur Berserker)         Turns: 10425, Time: 00:16:27

Health: -8/90      AC: 13    Str: 25    XL:     11   Next: 98%
Magic:  3/3        EV:  9    Int: 13    God:    Trog [*****.]
Gold:   658        SH:  0    Dex: 10    Spells: 10/10 levels left

rFire    . . .     SeeInvis +   F - +4 battleaxe (antimagic)
rCold    . . .     Gourm    .   (shield currently unavailable)
rNeg     . . .     Faith    +   u - +0 plate armour
rPois    .         Spirit   .   (helmet restricted)
rElec    +         Reflect  .   v - +0 cloak
rCorr    .         Harm     .   (no gloves)
MR       .....                  (no boots)
Stlth    ..........             a - amulet "Ukao" {Faith rElec Int+4 SInv}
HPRegen  0.25/turn              H - +5 ring of intelligence
MPRegen  0.08/turn              h - +4 ring of protection

@: corroded, berserk cooldown, slowed, very slow
A: retaliatory headbutt, horns 2
a: Berserk, Trog's Hand, Brothers in Arms, Renounce Religion


You were on level 12 of the Dungeon.
You worshipped Trog.
Trog was extremely pleased with you.
You were not hungry.

You visited 1 branch of the dungeon, and saw 12 of its levels.

You collected 658 gold pieces.

Inventory:

Hand Weapons
 f - a +3 hand axe of chopping
 F - a +4 antimagic battleaxe (weapon)
Armour
 u - a +0 plate armour (worn)
 v - a +0 cloak (worn)
Jewellery
 a - the amulet "Ukao" (around neck) {Faith rElec Int+4 SInv}
   (You found it on level 6 of the Dungeon)

   [amulet of faith]

   It allows you to gain divine favour quickly.
   It affects your intelligence (+4).
   It insulates you from electricity.
   It lets you see invisible.
 h - a +4 ring of protection (right hand)
 p - an uncursed ring of protection from cold
 w - an uncursed amulet of rage {unknown}
 H - a +5 ring of intelligence (left hand)
Wands
 b - a wand of acid (11)
 r - a wand of iceblast (9)
 C - a wand of paralysis (11)
 K - a wand of polymorph (14)
Scrolls
 e - 6 scrolls of remove curse
 j - 4 scrolls of fog
 l - 4 scrolls of enchant weapon
 s - 2 scrolls of fear
 x - 2 scrolls of noise {unknown}
 y - a scroll of blinking
 z - 2 scrolls of silence {unknown}
 A - a scroll of torment
 D - 8 scrolls of identify
 E - a scroll of summoning {unknown}
 I - 2 scrolls of teleportation
Potions
 d - 8 potions of curing
 g - 2 potions of might {unknown}
 i - 3 potions of resistance {unknown}
 k - a potion of invisibility {unknown}
 n - 9 potions of heal wounds {unknown}
 o - 2 potions of lignification {unknown}
 q - 3 potions of cancellation {unknown}
 t - 4 potions of degeneration {unknown}
 B - 2 potions of haste {unknown}
 G - 2 potions of mutation {unknown}
 J - a potion of brilliance {unknown}
Comestibles
 c - 21 rations
 m - 6 chunks of flesh


   Skills:
 - Level 6.3 Fighting
 + Level 19.7 Axes
 - Level 5.8 Armour
 - Level 5.2 Dodging


You had 10 spell levels left.
You didn't know any spells.
Your spell library was empty.

Dungeon Overview and Level Annotations

Branches:
Dungeon (12/15)            Temple (0/1) D:6            Lair (0/6) D:10
    Orc: D:9-12

Altars:
Cheibriados
Dithmenos
Fedhas
Hepliaklqana
Kikubaaqudgha
Nemelex Xobeh
Qazlal
Wu Jian
The Shining One
Beogh

Shops:
D:11 (


Innate Abilities, Weirdness & Mutations

You reflexively headbutt those who attack you in melee.
You have a pair of horns on your head.


Message History

The human barely misses you. The human hits you but does no damage.
You chop the human into pieces!!!
You kill the human!
Trog accepts your kill. The acid dragon spits acid at you.
The splash of acid hits you!
* * * LOW HITPOINT WARNING * * *
You are splashed with acid!
The acid burns!
* * * LOW HITPOINT WARNING * * *
You barely miss the acid dragon.
You headbutt the acid dragon, but do no damage.
The acid dragon bites you.
* * * LOW HITPOINT WARNING * * *
The acid dragon closely misses you.
Your skin stops crawling.
You feel less resistant to hostile enchantments.
The acid dragon closely misses you. x2
The acid dragon spits acid at you. The splash of acid hits you!
You die...

#######..._..##
..............###### #.
#####.............# #..
#.###..######.#
##.#####..###.# ##.##
...........##.# #...#
...........##.# #...# .
##.......##.. #...#
..##...@...###. #...#
...........# . #...#
......##D..###.####...##
......##....[..........)
......[.!..###.#####.#.#
.....)[)...# #.#.#
.......##!.# #.#.#
....... #..# #.#.#
....... ...# #.#.#


You could see an acid dragon.

Vanquished Creatures
  Gastronok (D:12)
  2 two-headed ogres (D:8)
  Psyche (D:8)
  2 queen bees (D:9)
  A troll (D:11)
  A hippogriff (D:10)
  5 yaks (D:11)
  A wraith (D:10)
  A human (D:12)
  A steam dragon (D:11)
  A warg (D:12)
  An acid dragon (D:11)
  2 porcupines (D:10)
  2 sky beasts
  9 orc warriors
  An ice beast (D:8)
  A hornet zombie (D:6)
  3 black bears (D:10)
  3 phantoms
  3 necrophages (D:6)
  An eye of draining (D:8)
  8 ogres
  4 centaurs
  2 crocodiles (D:10)
  8 bullfrogs
  A water moccasin zombie (D:10)
  6 scorpions
  50 killer bees
  12 wights
  5 howler monkeys
  8 crimson imps
  2 centaur zombies
  7 hounds
  3 jellies
  A bullfrog zombie (D:6)
  10 orc priests
  3 centaur skeletons
  3 gnoll shamans (D:10)
  2 bullfrog skeletons
  4 iguanas
  Jessica (D:3)
  13 orc wizards
  Ijyb (D:3)
  8 worker ants
  3 killer bee zombies
  A worker ant zombie (D:9)
  3 adders
  14 gnolls
  3 oozes
  2 adder zombies
  2 adder skeletons
  A worm (D:3)
  A dart slug (D:1)
  2 leopard geckos
  56 orcs
  4 bats
  8 giant cockroaches
  9 goblins
  7 hobgoblins
  12 jackals
  4 quokkas
  A ball python (D:2)
  3 frilled lizards
  A jackal skeleton (D:4)
  5 kobolds
  2 leopard gecko zombies (D:6)
  5 rats
  2 bushes (D:6)
  3 fungi (D:10)
  3 plants (D:10)
362 creatures vanquished.

Vanquished Creatures (others)
  A bush (D:6)
  46 fungi (D:10)
  25 plants
72 creatures vanquished.

Grand Total: 434 creatures vanquished

Notes
Turn   | Place    | Note
-------+----------+-------------------------------------------
     0 | D:1      | Mirvelgyr the Minotaur Berserker began the quest for the Orb.
     0 | D:1      | Reached XP level 1. HP: 19/19 MP: 0/0
   284 | D:1      | Reached XP level 2. HP: 27/27 MP: 1/1
   330 | D:1      | Reached skill level 4 in Axes
   837 | D:2      | Found a glowing golden altar of the Shining One.
   894 | D:2      | Reached XP level 3. HP: 25/33 MP: 2/2
   911 | D:2      | Reached ** piety under Trog
  1023 | D:2      | Found a hazy altar of Hepliaklqana.
  1023 | D:2      | Found a shadowy altar of Dithmenos.
  1228 | D:3      | Noticed Jessica
  1237 | D:3      | Killed Jessica
  1237 | D:3      | Reached XP level 4. HP: 38/40 MP: 3/3
  1327 | D:3      | Found a sparkling altar of Nemelex Xobeh.
  1366 | D:3      | Noticed Ijyb
  1375 | D:3      | Killed Ijyb
  1375 | D:3      | Reached skill level 5 in Axes
  1584 | D:3      | Reached XP level 5. HP: 24/47 MP: 4/4
  2574 | D:4      | Noticed a phantom
  2578 | D:4      | Killed a phantom
  2578 | D:4      | Reached skill level 6 in Axes
  2578 | D:4      | Reached XP level 6. HP: 55/55 MP: 5/5
  2639 | D:4      | Reached skill level 5 in Fighting
  3570 | D:5      | Entered Level 5 of the Dungeon
  3722 | D:5      | Found an ornate altar of the Wu Jian Council.
  3902 | D:5      | Reached XP level 7. HP: 61/61 MP: 6/6
  4272 | D:5      | Reached skill level 7 in Axes
  4272 | D:5      | Reached skill level 5 in Armour
  4460 | D:6      | Reached *** piety under Trog
  4523 | D:6      | Reached skill level 5 in Dodging
  4523 | D:6      | Reached XP level 8. HP: 58/70 MP: 7/7
  4529 | D:6      | Reached skill level 8 in Axes
  4557 | D:6      | Found a staircase to the Ecumenical Temple.
  4565 | D:6      | Got a vibrating diamond amulet
  4639 | D:6      | Identified the amulet "Ukao" {Faith rElec Int+4 SInv} (You found it on level 6 of the Dungeon)
  4851 | D:6      | Found a blossoming altar of Fedhas.
  5015 | D:6      | Reached skill level 9 in Axes
  5021 | D:6      | Reached skill level 10 in Axes
  5267 | D:7      | Received a gift from Trog
  5387 | D:7      | Reached skill level 11 in Axes
  5492 | D:7      | Reached XP level 9. HP: 74/77 MP: 8/8
  5533 | D:7      | Reached **** piety under Trog
  5913 | D:8      | Found a transporter.
  5944 | D:8      | Noticed Psyche
  5944 | D:8      | Found a roughly hewn altar of Beogh.
  5946 | D:8      | Noticed a two-headed ogre
  5954 | D:8      | Killed a two-headed ogre
  5954 | D:8      | Reached skill level 12 in Axes
  5956 | D:8      | Reached skill level 13 in Axes
  5959 | D:8      | Killed Psyche
  5976 | D:8      | Reached skill level 14 in Axes
  5989 | D:8      | Identified the Grimoire of the Badger
  6028 | D:8      | Found a transporter.
  6186 | D:8      | Noticed a two-headed ogre
  6197 | D:8      | Killed a two-headed ogre
  6197 | D:8      | Reached XP level 10. HP: 37/84 MP: 7/9
  6400 | D:8      | Reached skill level 15 in Axes
  7062 | D:9      | Reached skill level 16 in Axes
  7092 | D:9      | Found an ancient bone altar of Kikubaaqudgha.
  7142 | D:9      | Reached ***** piety under Trog
  7436 | D:9      | Received a gift from Trog
  7622 | D:9      | Reached skill level 17 in Axes
  8046 | D:10     | Entered Level 10 of the Dungeon
  8061 | D:10     | Found a snail-covered altar of Cheibriados.
  8127 | D:10     | Reached XP level 11. HP: 82/90 MP: 3/10
  8151 | D:10     | Found a staircase to the Lair.
  8505 | D:10     | Received a gift from Trog
  8620 | D:10     | Reached skill level 18 in Axes
  9436 | D:11     | Found Tufuz's Weapon Boutique.
 10321 | D:12     | Reached skill level 19 in Axes
 10362 | D:12     | Found a stormy altar of Qazlal.
 10383 | D:12     | Noticed Gastronok
 10410 | D:12     | Killed Gastronok
 10420 | D:12     | HP: 2/90 [acid (15)]
 10425 | D:12     | Killed from afar by an acid dragon

Vault maps used:
D:1:      dpeg_arrival_court, minmay_misc_feat_nine_boxes
D:2:      gammafunk_temple_overflow_pools, tso_metal_star
D:3:      first_ration, grunt_ministairs_9, nemelex_altar_shiori, uniq_jessica,
          uniq_ijyb
D:5:      basic_altar
D:6:      temple_hall, fedhas_altar_decomposition
D:8:      gammafunk_beogh_shrine, uniq_psyche
D:9:      lemuel_crystal_altar, special_room, david_nohive_1
D:10:     kennysheep_seaside_town, due_lair_maze_entry_diamond, basic_altar
D:11:     serial_shops, nicolae_shop_trees
D:12:     erik_orc_4, basic_altar, uniq_gastronok

Skill      XL: |  1  2  3  4  5  6  7  8  9 10 11 |
---------------+----------------------------------+-----
Axes           | 4 5 6 7 11 14 17 19 | 19.7
Fighting       | 4 5 6 |  6.3
Armour         | 3 4 5 |  5.8
Dodging        | 3 4 5 |  5.2

Action                   |  1- 3 |  4- 6 |  7- 9 | 10-12 || total
-------------------------+-------+-------+-------+-------++-------
Melee: Hand axe          |    57 |   111 |   223 |    27 ||   418
       Headbutt          |     9 |    19 |    56 |    67 ||   151
       Battleaxe         |       |       |       |   422 ||   422
Invok: Trog's Hand       |     1 |     2 |     1 |    10 ||    14
       Berserk           |       |     1 |     1 |     6 ||     8
Evoke: Wand              |       |     3 |       |       ||     3
  Use: Scroll            |       |     1 |     7 |     2 ||    10
  Eat: Chunk             |     1 |     7 |     8 |    17 ||    33
       Ration            |       |     1 |       |     2 ||     3
Armor: Scale mail        |    16 |     7 |       |       ||    23
       Animal skin       |     1 |       |       |       ||     1
       Chain mail        |       |    36 |    17 |       ||    53
       Plate armour      |       |       |    76 |   270 ||   346
Dodge: Dodged            |    37 |    50 |    86 |   215 ||   388

Table legend:
 A = Spawn XP
 B = Non-spawn XP
 C = Spawn XP percentage of total XP
 D = Spawn monster count
 E = Non-spawn monster count
 F = Spawn count percentage of total count
 G = Total turns spent on level
                    A         B        C        D         E        F      G
               +---------+---------+-------+---------+---------+-------+---------
         Total |       0 |   21676 |   0.0 |       0 |     354 |   0.0 | 10425
               +---------+---------+-------+---------+---------+-------+---------
           D:1 |       0 |      24 |   0.0 |       0 |      13 |   0.0 |   794
           D:2 |       0 |      29 |   0.0 |       0 |      15 |   0.0 |   417
           D:3 |       0 |     267 |   0.0 |       0 |      29 |   0.0 |  1279
           D:4 |       0 |     169 |   0.0 |       0 |       4 |   0.0 |  1080
           D:5 |       0 |     508 |   0.0 |       0 |      18 |   0.0 |   810
           D:6 |       0 |    1418 |   0.0 |       0 |      26 |   0.0 |   720
           D:7 |       0 |     701 |   0.0 |       0 |      24 |   0.0 |   789
           D:8 |       0 |    3797 |   0.0 |       0 |      35 |   0.0 |   649
           D:9 |       0 |    3799 |   0.0 |       0 |      57 |   0.0 |  1508
          D:10 |       0 |    4839 |   0.0 |       0 |      76 |   0.0 |  1329
          D:11 |       0 |    2425 |   0.0 |       0 |      32 |   0.0 |   906
          D:12 |       0 |    3700 |   0.0 |       0 |      25 |   0.0 |   144
               +---------+---------+-------+---------+---------+-------+---------
